 Dungeon Crawl Stone Soup version 0.20-a0-1114-g33edf32 (webtiles) character file.

10494 urechis the Severer (level 11, -6/99 HPs)
             Began as a Hill Orc Berserker on May 6, 2017.
             Was a High Priest of Trog.
             Killed from afar by a raiju (22 damage)
             ... with a living lightning
             ... on level 1 of the Abyss.
             The game lasted 00:13:08 (11856 turns).

urechis the Severer (Hill Orc Berserker)           Turns: 11856, Time: 00:13:09

Health: -6/99      AC: 17    Str: 25 (26) XL:     11   Next: 63%
Magic:  11/11      EV: 13    Int:  6 (7)  God:    Trog [*****.]
Gold:   535        SH: 10    Dex: 11 (13) Spells: 10/10 levels left

rFire    . . .     SeeInvis +   u - +0 war axe
rCold    + . .     Gourm    .   R - +2 buckler {rC+}
rNeg     . . .     Faith    .   n - +2 scale mail {rPois}
rPois    +         Spirit   .   M - +0 helmet
rElec    .         Reflect  +   a - +0 cloak
rCorr    .         Harm     .   v - +0 pair of gloves
MR       .....                  P - +0 pair of boots
Stlth    ..........             y - +5 amulet of reflection
Regen    0.3/turn               s - +3 ring of evasion
MPRegen  0.2/turn               I - ring of see invisible

@: mighty, slowed, very slow
A: no striking features
a: Berserk, Trog's Hand, Brothers in Arms, Burn Spellbooks, Renounce Religion


You were on level 1 of the Abyss.
You worshipped Trog.
Trog was extremely pleased with you.
You were very hungry.

You visited 1 branch of the dungeon, and saw 10 of its levels.
You visited the Abyss 1 time.
You also visited: Ossuary.

You collected 535 gold pieces.

Inventory:

Hand Weapons
 u - a +0 war axe (weapon)
 V - a +3 broad axe of freezing
Armour
 a - a +0 cloak (worn)
 n - a +2 scale mail of poison resistance (worn)
 v - a +0 pair of gloves (worn)
 M - a +0 helmet (worn)
 P - a +0 pair of boots (worn)
 R - a +2 buckler of cold resistance (worn)
Jewellery
 s - a +3 ring of evasion (left hand)
 y - a +5 amulet of reflection (around neck)
 I - a ring of see invisible (right hand)
Wands
 m - a wand of flame (30/48)
 G - a wand of disintegration (16/24)
 N - a wand of flame (33/48)
 O - a wand of flame (27/48)
 Q - a wand of paralysis (14/24)
 S - a wand of iceblast (8/15)
Scrolls
 f - 5 scrolls of fog
 h - 7 scrolls of identify
 i - 5 scrolls of remove curse
 k - 2 scrolls of fear
 l - 6 scrolls of teleportation
 o - 4 scrolls of blinking
 q - 5 scrolls of enchant weapon
 B - 3 scrolls of random uselessness {unknown}
 E - 4 scrolls of noise {unknown}
 H - a scroll of acquirement {unknown}
 J - 2 scrolls of amnesia {unknown}
 L - 2 scrolls of recharging {unknown}
Potions
 b - 8 potions of curing
 d - 3 potions of heal wounds {unknown}
 e - a potion of magic {unknown}
 g - 4 potions of flight
 j - a potion of might
 r - 2 potions of cancellation {unknown}
 w - a potion of haste {unknown}
 x - 3 potions of berserk rage {unknown}
 z - 2 potions of agility {unknown}
 A - 4 potions of lignification {unknown}
 C - 4 potions of degeneration
 D - 3 potions of mutation {unknown}
 F - a potion of ambrosia {unknown}
 U - a potion of invisibility {unknown}
Comestibles
 c - 7 bread rations
 p - 3 meat rations
 t - 14 royal jellies
 K - 6 fruits
 T - 3 chunks of flesh
 W - 3 mutagenic chunks of flesh


   Skills:
 - Level 10.0 Fighting
 + Level 15.9 Axes
 + Level 11.3 Armour
 - Level 1.5 Dodging


You had 10 spell levels left.
You didn't know any spells.

Dungeon Overview and Level Annotations

Branches:
Dungeon (10/15)            Temple (0/1) D:6            Lair (0/6) D:8
    Orc: D:9-12

Altars:
Ashenzari
Fedhas
Okawaru
Ru
Xom
Yredelemnul
Beogh


Message History

The raiju barely misses you.
It was a potion of degeneration.
There was something very wrong with that liquid.
You feel weakened.
You feel dopey.
You feel clumsy. You block the raiju's attack.
You slice the raiju!!
The raiju is heavily wounded.
You are feeling very hungry.
The raiju bursts into living lightning!
The living lightning misses you. x2; The raiju blinks! x2
The raiju bites you but does no damage.
You feel better. You block the raiju's attack.
You feel better.
The raiju bursts into living lightning!
The living lightning misses you. x2; The raiju blinks! x2
The raiju bursts into living lightning!
The living lightning hits you!
* * * LOW HITPOINT WARNING * * *
The living lightning hits you!
You die...

.# #.# .. . .
#.. ## .#.
....... .. .
#.###
.#.#.#...... .
#....
#..[###.#......
. ##..#.
..#...#..## #..
. #....#.
#...#.#...##. #
.#.#...##.
....#.##
#........###..#
#.. .
.##....#.h@§.##
# ###. # ..
##..###...§#.##.
. # . #(.#..
.#.## ..
#.##....# .#
h........ ##
##...#.#.## #
#.## ..#. ## .#
.


You could see a raiju.

Vanquished Creatures
  Pikel (D:8)
  An apocalypse crab (Abyss:1)
  A troll (D:9)
  Prince Ribbit (D:8)
  3 hornets (D:8)
  A raiju (Abyss:1)
  2 hippogriffs (D:9)
  Sigmund (D:2)
  A wraith (D:7)
  16 yaks
  A vampire (D:7)
  A wyvern (D:9)
  A steam dragon (D:7)
  A basilisk (D:8)
  A hungry ghost (D:7)
  A soldier ant (D:8)
  3 water moccasins
  3 porcupines (D:8)
  2 ice beasts (D:8)
  An orc warrior (D:9)
  4 slaves (D:8)
  5 ogres
  3 black bears
  A phantom (D:8)
  The ghost of RexLacerta the Stinger, an amateur MfVM (D:4)
  2 centaurs
  2 crocodiles (D:8)
  A gnoll sergeant (D:9)
  3 bullfrogs
  2 scorpions
  5 wights
  4 howler monkeys
  5 crimson imps
  4 bullfrog zombies
  5 hounds
  4 jellies
  10 orc priests
  The ghost of 4thArraOfDagon the Sneak, a weakling FeIE of Dithmenos (Ossuary)
  A gnoll shaman (D:10)
  17 orc wizards
  2 iguanas (D:7)
  Terence (D:2)
  4 worker ants
  A big kobold zombie (Ossuary)
  A hound skeleton (D:9)
  5 mummies (Ossuary)
  A worker ant zombie (D:10)
  10 adders
  16 gnolls
  A howler monkey skeleton (D:4)
  A shadow imp (D:5)
  2 oozes (D:2)
  An adder skeleton (D:8)
  2 worms
  A dart slug (D:1)
  5 leopard geckos
  36 orcs
  6 bats
  4 giant cockroaches
  A gnoll zombie (Ossuary)
  13 goblins
  8 hobgoblins
  10 jackals
  3 quokkas
  A ball python (D:2)
  2 frilled lizards
  2 hobgoblin zombies (Ossuary)
  A jackal zombie (D:6)
  8 kobolds
  3 kobold zombies (Ossuary)
  A leopard gecko skeleton (D:7)
  A leopard gecko zombie (D:8)
  An orc zombie (Ossuary)
  12 rats
290 creatures vanquished.

Vanquished Creatures (others)
  5 plants (D:8)
5 creatures vanquished.

Grand Total: 295 creatures vanquished

Notes
Turn   | Place    | Note
-------+----------+-------------------------------------------
     0 | D:1      | urechis the Hill Orc Berserker began the quest for the Orb.
     0 | D:1      | Reached XP level 1. HP: 19/19 MP: 1/1
   286 | D:1      | Reached XP level 2. HP: 27/27 MP: 2/2
   794 | D:1      | Reached XP level 3. HP: 34/34 MP: 3/3
   810 | D:1      | Reached ** piety under Trog
  1252 | D:2      | Noticed Terence
  1263 | D:2      | Killed Terence
  1263 | D:2      | Reached skill level 5 in Axes
  1263 | D:2      | Reached XP level 4. HP: 26/41 MP: 4/4
  1485 | D:2      | Reached skill level 5 in Fighting
  2074 | D:2      | Found a blossoming altar of Fedhas.
  2292 | D:2      | Noticed Sigmund
  2318 | D:2      | Killed Sigmund
  2318 | D:2      | Reached skill level 6 in Axes
  2318 | D:2      | Reached XP level 5. HP: 5/51 MP: 5/5
  2318 | D:2      | Reached XP level 6. HP: 5/58 MP: 6/6
  3266 | D:3      | Reached *** piety under Trog
  3266 | D:3      | Reached skill level 7 in Axes
  3871 | D:4      | Noticed RexLacerta's ghost (amateur MfVM)
  3879 | D:4      | Killed RexLacerta's ghost
  3879 | D:4      | Reached XP level 7. HP: 66/66 MP: 7/7
  3994 | D:4      | Found a roughly hewn altar of Beogh.
  4001 | D:4      | Reached skill level 8 in Axes
  4157 | D:4      | Found a shimmering altar of Xom.
  4389 | D:5      | Entered Level 5 of the Dungeon
  4587 | D:5      | Found a sand-covered staircase.
  4592 | Ossuary  | Entered an ossuary
  4694 | Ossuary  | Noticed 4thArraOfDagon's ghost (weakling FeIE)
  4698 | Ossuary  | Killed 4thArraOfDagon's ghost
  4698 | Ossuary  | Reached **** piety under Trog
  4704 | Ossuary  | Reached XP level 8. HP: 59/75 MP: 8/8
  4835 | Ossuary  | Reached skill level 9 in Axes
  5777 | D:6      | Found a staircase to the Ecumenical Temple.
  6303 | D:7      | Noticed a wraith
  6326 | D:7      | Killed a wraith
  6507 | D:7      | Reached skill level 10 in Axes
  6717 | D:7      | Reached skill level 10 in Fighting
  6840 | D:7      | Reached XP level 9. HP: 85/85 MP: 9/9
  6881 | D:7      | Reached skill level 11 in Axes
  7725 | D:7      | Reached skill level 5 in Armour
  8053 | D:8      | Found a staircase to the Lair.
  8062 | D:8      | Reached skill level 12 in Axes
  8261 | D:8      | Reached ***** piety under Trog
  8452 | D:8      | Reached XP level 10. HP: 92/93 MP: 10/10
  8492 | D:8      | Reached skill level 13 in Axes
  8503 | D:8      | Received a gift from Trog
  8731 | D:8      | Found a shattered altar of Ashenzari.
  8838 | D:8      | Noticed Pikel
  8852 | D:8      | Killed Pikel
  9415 | D:8      | Noticed Prince Ribbit
  9423 | D:8      | Killed Prince Ribbit
  9423 | D:8      | Reached skill level 14 in Axes
 10024 | D:9      | Reached XP level 11. HP: 86/99 MP: 11/11
 10379 | D:9      | Found a sacrificial altar of Ru.
 10441 | D:9      | Found an iron altar of Okawaru.
 10441 | D:9      | Found a basalt altar of Yredelemnul.
 10505 | D:9      | Received a gift from Trog
 10505 | D:9      | Reached skill level 10 in Armour
 10645 | D:9      | Reached skill level 15 in Axes
 11679 | D:10     | Entered Level 10 of the Dungeon
 11793 | D:10     | Cast into level 1 of the Abyss (wight)
 11838 | Abyss:1  | Received a gift from Trog
 11856 | Abyss:1  | Killed from afar by a raiju

Vault maps used:
D:1:      minmay_arrival_plants_in_alcoves, minmay_three_crescents
D:2:      wad_lake_hut, marbit_many_paths, minmay_goblin_kobold_house,
          uniq_sigmund, uniq_terence
D:4:      nicolae_overflow_hidden_temple, first_bread, kennysheep_orc_chapel
D:5:      enter_ossuary_2
D:6:      temple_statues
D:8:      overflow_temple_1_default, minmay_lair_entry_grove,
          hangedman_pestilent_swarm, uniq_prince_ribbit1, uniq_pikel
D:9:      kennysheep_little_box, gammafunk_temple_overflow_elements,
          statue_in_the_mist_lemuel
Ossuary:  ossuary_crypta

Skill      XL: |  1  2  3  4  5  6  7  8  9 10 11 |
---------------+----------------------------------+-----
Fighting       | 4 6 7 8 10 | 10.0
Axes           | 5 6 7 8 10 12 14 15 | 15.9
Armour         | 6 9 11 | 11.3
Dodging        | |  1.5

Action                   |  1- 3 |  4- 6 |  7- 9 | 10-12 || total
-------------------------+-------+-------+-------+-------++-------
Melee: Hand axe          |    71 |   146 |       |       ||   217
       War axe           |       |    30 |   371 |   406 ||   807
Invok: Berserk           |     1 |     2 |     7 |    10 ||    20
       Burn Spellbooks   |       |     3 |       |       ||     3
  Use: Potion            |       |     2 |       |     4 ||     6
       Scroll            |       |       |     6 |       ||     6
 Stab: Distracted        |       |       |       |     1 ||     1
  Eat: Chunk             |     1 |    10 |    21 |    19 ||    51
       Fruit             |       |       |     4 |       ||     4
Armor: Animal skin       |    17 |       |       |       ||    17
       Scale mail        |       |    75 |    98 |   163 ||   336
Dodge: Dodged            |    38 |   101 |   201 |   192 ||   532
Block: Other             |       |       |    73 |    44 ||   117
       Reflection        |       |       |       |     2 ||     2
       Buckler           |       |       |       |    89 ||    89
